 Dungeon Crawl Stone Soup version 0.29.1-1-gd02db6906a (webtiles) character file.

Game seed: 14586428923132517469

102 swilekon the Cutter (level 4, -1/33 HPs)
             Began as an Octopode Monk on Sept 21, 2022.
             Slain by Terence
             ... wielding a +0 flail
              (10 damage)
             ... on level 3 of the Dungeon.
             The game lasted 00:02:12 (2084 turns).

swilekon the Cutter (Octopode Monk)                 Turns: 2084, Time: 00:02:13

Health: -1/33      AC:  1    Str: 10    XL:     4   Next: 78%
Magic:  4/4        EV: 14    Int: 12    God:
Gold:   73         SH:  0    Dex: 16    Spells: 3/3 levels left

rFire   . . .      SeeInvis .   q - +2 dagger (freeze)
rCold   . . .      Faith    .   (no shield)
rNeg    . . .      Spirit   .   (helmet restricted)
rPois   .          Reflect  .   (no amulet)
rElec   .          Harm     .   (no ring)
rCorr   .          Rampage  .   (no ring)
Will    .....                   (no ring)
Stlth   +++.......              (no ring)
HPRegen 0.11/turn               (no ring)
MPRegen 0.09/turn               (no ring)
                                (no ring)
                                (no ring)

@: no status effects
A: almost no armour, amphibious, 8 rings, camouflage 1, gelatinous body 1,
(nimble swimmer 1), tentacles
a: no special abilities


You were on level 3 of the Dungeon.
You visited 1 branch of the dungeon, and saw 3 of its levels.

You collected 73 gold pieces.

Inventory:

Hand Weapons
 q - a +2 dagger of freezing (weapon)
Jewellery
 k - a ring of magical power
Scrolls
 d - 2 scrolls of vulnerability {unknown}
 g - a scroll of acquirement {unknown}
 j - a scroll of butterflies {unknown}
 n - a scroll of teleportation {unknown}
 o - a scroll of blinking {unknown}
 p - a scroll of noise {unknown}
Potions
 b - a potion of ambrosia
 c - 3 potions of haste {unknown}
 e - a potion of mutation {unknown}
 f - a potion of heal wounds {unknown}
 h - 2 potions of brilliance {unknown}
 i - a potion of degeneration {unknown}
 l - 2 potions of curing {unknown}
 m - 2 potions of cancellation {unknown}


   Skills:
 + Level 3.7 Fighting
 * Level 4.3 Short Blades
 + Level 3.6 Dodging
 - Level 2.6 Stealth


You had 3 spell levels left.
You didn't know any spells.
Your spell library contained the following spells:

 Spells                   Type           Power      Damage    Failure   Level
 Shock                    Conj/Air       0%         1d3       32%         1
 Swiftness                Air            0%         N/A       69%         3
 Airstrike                Air            0%         2d(0-16)  97%         4


Dungeon Overview and Level Annotations

Branches:
Dungeon (3/15)

Altars:

Annotations:
D:3 Terence


Innate Abilities, Weirdness & Mutations

You cannot wear most types of armour.
You are amphibious.
You can wear up to eight rings at the same time.
Your skin changes colour to match your surroundings (Stealth+).
Your rubbery body absorbs attacks. (AC +1, EV +1)
((You are camouflaged when in or above water. (Stealth+)))
You have tentacles for arms and can constrict up to eight enemies at once.


Message History

l - 2 metallic brown potions (gained 1)
A ball python comes into view.
A ball python is nearby!
A ball python is nearby!
The helpless ball python fails to defend itself.
You impale the ball python!! You freeze the ball python.
You kill the ball python!
No target in view!
No target in view!
No target in view!
No target in view!
You see here a +0 sling.
Terence the Incautious comes into view.
He is wielding a +0 flail and wearing a +1 scale mail of cold resistance.
Terence is nearby!
Found 12 gold pieces.
Terence shouts!
Terence hits you with a +0 flail!
You hit Terence but do no damage. Your grab misses Terence.
Terence hits you with a +0 flail!
You are too injured to fight recklessly!
You are too injured to fight recklessly!
You are too injured to fight recklessly!
You are too injured to fight recklessly!
You are too injured to fight recklessly!
You are too injured to fight recklessly!
You are too injured to fight recklessly!
You are too injured to fight recklessly!
You are too injured to fight recklessly!
You are too injured to fight recklessly!
You are too injured to fight recklessly!
You hit Terence. You grab Terence.
Terence is lightly wounded.
You constrict Terence, but do no damage.
Terence hits you with a +0 flail.
* * * LOW HITPOINT WARNING * * *
You hit Terence but do no damage.
Terence is lightly wounded.
You constrict Terence, but do no damage.
Terence hits you with a +0 flail!
You die...

#.##....#.#.#
####+#.........#.# ..
.........###.#.#.# ....
.........###.###)#...$.
......<..........#.....
...##......#...........#
.. #.......[..........#
. ##.......#..........#
+........#.@........#
#####....#@####.....#
##'#.#. ....## #.#.#.
....# #.# #. ##.. #.# #.
#.# ## #.# #.#


You could see Terence.

Vanquished Creatures
  An iguana (D:3)
  2 adders (D:2)
  A dart slug (D:1)
  2 orcs (D:3)
  8 ball pythons
  7 endoplasms
  A giant cockroach (D:1)
  7 goblins
  5 hobgoblins
  2 kobolds (D:1)
  2 quokkas (D:2)
  3 bats (D:2)
  2 frilled lizards (D:1)
  4 rats
47 creatures vanquished.

Notes
Turn   | Place    | Note
-------+----------+-------------------------------------------
     0 | D:1      | swilekon the Octopode Monk began the quest for the Orb.
     0 | D:1      | Reached XP level 1. HP: 16/16 MP: 1/1
    97 | D:1      | Reached XP level 2. HP: 21/21 MP: 2/2
   309 | D:1      | Found a faded altar of an unknown god.
   445 | D:1      | Reached XP level 3. HP: 22/26 MP: 3/3
  1062 | D:2      | Reached skill level 4 in Short Blades
  1062 | D:2      | Reached XP level 4. HP: 23/31 MP: 4/4
  2077 | D:3      | Noticed Terence
  2084 | D:3      | Slain by Terence

Illustrated notes

Levels and vault maps discovered:
D:1:      wheals_arrival_shading, layout_rooms,
          chequers_ecumenical_altar_island, serial_bayou_crossing
D:2:      layout_loops_ring
D:3:      layout_basic, lemuel_round_altar, uniq_terence

Skill      XL: |  1  2  3 |
---------------+----------+-----
Short Blades   | 4 |  4.3
Fighting       | |  3.7
Dodging        | |  3.6
Stealth        | |  2.6

Action                   |  1- 3 |  4- 6 || total
-------------------------+-------+-------++-------
Melee: Short sword       |    60 |    26 ||    86
       Constrict         |    10 |     9 ||    19
       Tentacles         |     9 |     4 ||    13
       Punch             |     3 |       ||     3
       Dagger            |       |     6 ||     6
 Stab: Sleeping          |    12 |     6 ||    18
Armor: Skin              |     4 |     1 ||     5
Dodge: Dodged            |    27 |    14 ||    41
